 Dungeon Crawl Stone Soup version 0.27.1-33-g824d729ab1 (webtiles) character file.

Game seed: 9466819794372083647

1095 austinbyrn the Shield-Bearer (level 8, -7/51 HPs)
             Began as a Gargoyle Fighter on Dec 20, 2021.
             Was an Initiate of Okawaru.
             Mangled by a two-headed ogre (17 damage)
             ... on level 5 of the Dungeon.
             The game lasted 00:14:15 (7079 turns).

austinbyrn the Shield-Bearer (Gargoyle Fighter)     Turns: 7079, Time: 00:14:16

Health: -7/51      AC: 14    Str: 27    XL:     8   Next: 31%
Magic:  8/8        EV:  9    Int: 10    God:    Okawaru [......]
Gold:   293        SH: 11    Dex:  9    Spells: 7/7 levels left

rFire    . . .     SeeInvis .   h - +3 whip (vamp)
rCold    + . .     Faith    .   c - +0 kite shield
rNeg     + . .     Spirit   .   i - +2 ring mail {rC+}
rPois    ∞         Reflect  .   (no helmet)
rElec    +         Harm     .   (no cloak)
rCorr    .         Rampage  .   a - +0 pair of gloves
Will     .....                  (no boots)
Stlth    ..........             (no amulet)
HPRegen  0.17/turn              k - +6 ring of strength
MPRegen  0.11/turn              (no ring)

@: no status effects
A: sickness immunity, AC +5, negative energy resistance 1, electricity
resistance, torment resistance 1, petrification resistance
a: Renounce Religion


You were on level 5 of the Dungeon.
You worshipped Okawaru.
Okawaru was noncommittal.
You visited 2 branches of the dungeon, and saw 7 of its levels.

You collected 293 gold pieces.

Inventory:

Hand Weapons
 h - a +3 vampiric whip (weapon)
Missiles
 j - 12 poisoned darts (quivered)
Armour
 a - a +0 pair of gloves (worn)
 b - a +0 scale mail
 c - a +0 kite shield (worn)
 i - a +2 ring mail of cold resistance (worn)
 l - a +0 tower shield
Jewellery
 k - a +6 ring of strength (left hand)
Scrolls
 n - a scroll of magic mapping
Potions
 d - a potion of magic {unknown}
 e - a potion of flight {unknown}
 m - 2 potions of cancellation
 p - a potion of ambrosia {unknown}


   Skills:
 + Level 5.7 Fighting
 * Level 6.2 Maces & Flails
 - Level 3.2 Armour
 * Level 7.4 Shields


You had 7 spell levels left.
You didn't know any spells.
Your spell library contained the following spells:

 Spells                   Type           Power      Damage    Failure   Level
 Blink                    Tloc           N/A        N/A       92%         2
 Slow                     Hex            0%         N/A       92%         2
 Confusing Touch          Hex            0%         N/A       99%         3
 Alistair's Intoxication  Tmut/Pois      0%         N/A       100%        5
 Borgnjor's Vile Clutch   Necr/Erth      0%         N/A       100%        5
 Manifold Assault         Tloc           0%         N/A       100%        5
 Yara's Violent Unravell  Hex/Tmut       0%         3d3       100%        5
 Eringya's Noxious Bog    Tmut/Pois      0%         N/A       100%        6
 Storm Form               Tmut/Air       0%         N/A       100%        7


Dungeon Overview and Level Annotations

Branches:
Dungeon (6/15)             Temple (1/1) D:6

Altars:
Ashenzari
Cheibriados
Dithmenos
Fedhas
Hepliaklqana
Kikubaaqudgha
Nemelex Xobeh
Okawaru
Qazlal
Ru
Trog
Uskayaw
Vehumet
Wu Jian
Xom
Yredelemnul
Zin


Innate Abilities, Weirdness & Mutations

You are immune to sickness and miasma.
Your stone body is resilient. (AC +5)
You are immune to poison.
You resist negative energy. (rN+)
You are resistant to electric shocks. (rElec)
You are resistant to unholy torment.
You are immune to petrification.


Message History

Press: ? - help, Q - select action Shift-Dir - straight line, f/p - two-headed ogre
Aim: a two-headed ogre, wielding a +0 giant club and a +0 dire flail (very poisoned, 72% to hit)
You throw a poisoned dart.
The poisoned dart hits the two-headed ogre.
Okay, then.
Okay, then.
The two-headed ogre looks more healthy.
You see here a +0 falchion.
Throw: 13 darts (poison)
Press: ? - help, Q - select action Shift-Dir - straight line, f/p - two-headed ogre
Aim: a two-headed ogre, wielding a +0 giant club and a +0 dire flail (moderately wounded, 72% to hit)
You throw a poisoned dart.
The poisoned dart hits the two-headed ogre.
The two-headed ogre is moderately wounded.
You hit the two-headed ogre.
The two-headed ogre is moderately wounded.
You block the two-headed ogre's attack.
The two-headed ogre hits you with a +0 dire flail!
You hit the two-headed ogre.
The two-headed ogre is moderately wounded.
You whack the two-headed ogre!
The two-headed ogre is heavily wounded.
The two-headed ogre hits you with a +0 giant club!
You block the two-headed ogre's attack.
You hit the two-headed ogre.
You feel better.
The two-headed ogre is heavily wounded.
The two-headed ogre hits you with a +0 giant club!
You block the two-headed ogre's attack.
You hit the two-headed ogre.
You feel better.
The two-headed ogre is heavily wounded.
The two-headed ogre hits you with a +0 giant club!
* * * LOW HITPOINT WARNING * * *
The two-headed ogre hits you with a +0 dire flail.
* * * LOW HITPOINT WARNING * * *
You whack the two-headed ogre!
You feel better.
The two-headed ogre is severely wounded.
You hit the two-headed ogre.
You feel better.
The two-headed ogre is severely wounded.
The two-headed ogre hits you with a +0 giant club!
You die...

#.........# #...###..# #
#.........#####'#####.## #
#.............#..#....# #
#...................### ########
#.....................###.......
#..............######..###..####
#.................####..........
#...............<...#...).......
#########......@O(........####.#
#.......................
##...........####.....#.
#...........# #####...
#....[......# #... ##........#.#
##.. ##........#.# ###
#...........# # #....≈≈≈....# ##


You could see a two-headed ogre.

Vanquished Creatures
  A wraith (D:6)
  A sky beast (D:6)
  An ice beast (D:5)
  A necrophage (D:4)
  An ogre (D:5)
  3 hounds
  3 centaur skeletons
  A gnoll shaman (D:4)
  Crazy Yiuf (D:3)
  2 orc wizards
  A scorpion zombie (D:5)
  6 gnolls
  10 adders
  A shadow imp (D:5)
  A white imp (D:4)
  2 worms
  2 dart slugs
  14 orcs
  A bat (D:3)
  6 endoplasms
  4 giant cockroaches
  7 goblins
  9 hobgoblins
  11 jackals
  10 kobolds
  5 quokkas
  6 ball pythons
  3 frilled lizards (D:2)
  A quokka skeleton (D:4)
  6 rats
121 creatures vanquished.

Notes
Turn   | Place    | Note
-------+----------+-------------------------------------------
     0 | D:1      | austinbyrn the Gargoyle Fighter began the quest for the
                  | Orb.
     0 | D:1      | Reached XP level 1. HP: 14/14 MP: 1/1
   282 | D:1      | Reached XP level 2. HP: 19/19 MP: 2/2
   316 | D:1      | Found a faded altar of an unknown god.
   983 | D:1      | Reached XP level 3. HP: 23/23 MP: 3/3
  1389 | D:2      | Reached skill level 4 in Shields
  1496 | D:2      | Reached XP level 4. HP: 29/29 MP: 4/4
  2550 | D:3      | Found an ornate altar of the Wu Jian Council.
  2690 | D:3      | Found a stormy altar of Qazlal.
  2709 | D:3      | Reached XP level 5. HP: 30/33 MP: 5/5
  3020 | D:3      | Found a runed translucent door.
  3021 | D:3      | Noticed Crazy Yiuf
  3033 | D:3      | Killed Crazy Yiuf
  3536 | D:4      | Reached skill level 5 in Shields
  3614 | D:4      | Reached XP level 6. HP: 21/39 MP: 6/6
  4703 | D:5      | Entered Level 5 of the Dungeon
  4842 | D:5      | Found a snail-covered altar of Cheibriados.
  4874 | D:5      | Noticed a two-headed ogre
  5193 | D:5      | Noticed an ice beast
  5194 | D:5      | Found a hazy altar of Hepliaklqana.
  5195 | D:5      | Found a shimmering altar of Xom.
  5210 | D:5      | Killed an ice beast
  5211 | D:5      | Reached skill level 5 in Maces & Flails
  5211 | D:5      | Reached skill level 6 in Shields
  5211 | D:5      | Reached XP level 7. HP: 44/44 MP: 7/7
  5212 | D:5      | Noticed a spectral ugly thing
  5427 | D:4      | Reached skill level 5 in Fighting
  5848 | D:5      | Found a basalt altar of Yredelemnul.
  5848 | D:5      | Found a radiant altar of Vehumet.
  6118 | D:6      | Reached skill level 7 in Shields
  6118 | D:6      | Reached XP level 8. HP: 50/50 MP: 8/8
  6144 | D:6      | Found a staircase to the Ecumenical Temple.
  6153 | Temple   | Entered the Ecumenical Temple
  6344 | Temple   | Became a worshipper of Warmaster Okawaru
  6477 | D:6      | Noticed a wraith
  6534 | D:6      | Killed a wraith
  7079 | D:5      | Mangled by a two-headed ogre

Illustrated notes

Levels and vault maps discovered:
D:1:      dpeg_arrival_round_a, layout_loops_ring, basic_ecumenical_altar
D:2:      layout_basic
D:3:      layout_rooms, mainiacjoe_overflow_paths, lemuel_tele_altar,
          uniq_crazy_yiuf_cottage
D:4:      minmay_skewed_foursquare, layout_loops_corners
D:5:      layout_rooms, regret_index_temple_of_mockery, kennysheep_slug_shrine,
          gammafunk_temple_overflow_elements
D:6:      layout_basic, old_standard_altar, marbit_many_paths,
          mainiacjoe_overflow_24_doors, minmay_temple_entry_poolview
Temple:   dpeg_chambers_temple

Skill      XL: |  1  2  3  4  5  6  7  8 |
---------------+-------------------------+-----
Shields        | 4 5 6 7 |  7.4
Maces & Flails | 3 4 5 6 |  6.2
Fighting       | 4 5 |  5.7
Armour         | |  3.2

Action                   |  1- 3 |  4- 6 |  7- 9 || total
-------------------------+-------+-------+-------++-------
Melee: Flail             |    62 |       |       ||    62
       Whip              |    75 |   307 |   157 ||   539
Throw: Dart              |       |     2 |     8 ||    10
  Use: Potion            |       |     3 |     2 ||     5
       Scroll            |       |     1 |     6 ||     7
Armor: Scale mail        |    83 |   155 |     7 ||   245
       Ring mail         |       |       |    68 ||    68
Dodge: Dodged            |    48 |   120 |    64 ||   232
Block: Kite shield       |    83 |   191 |   106 ||   380
